AoeStats
← Malelf

Arena

508525569Analyzed
4v4 RM · 8d ago on Sep 22, 2026· 48m 47s· 8 players
Game mode
Random Map
Map size
Large (8 player)
Population
200
Speed
Normal
Resources
Standard
Victory
Conquest
Starting age
Dark Age
Ending age
Imperial Age
RankedLock teamsTeams togetherTeam positionsShared explorationLock speedFull tech treeHidden civsTurbo modeCheats
Victory
Defeat
🇺🇸 Random · United States
1691
+16
🇩🇪 Teutons · Germany
1655
+18
🇨🇦 Random · Canada
1628
+19
🇺🇸 Britons · United States
1584
+20
🇮🇹 Random · Italy
1724
-19
🇮🇹 Random · Italy
1706
-19
🇮🇹 Britons · Italy
1695
-19
🇮🇹 Random · Italy
1628
-16
Kempinho
10:19 Feudal Age
14:02 Castle Age
12:15 Double-Bit Axe
12:23 Horse Collar
16:36 Wheelbarrow
21:04 Bow Saw
20:58 Loom
22:42 Heavy Plow
27:10 Imperial Age
25:03 Scale Mail Armor
25:14 Forging
25:27 Ballistics
25:09 Gold Mining
25:24 Stone Mining
26:32 Chain Mail Armor
26:20 Squires
26:06 Arson
27:06 Stone Shaft Mining
27:43 Iron Casting
27:20 Masonry
27:43 Hand Cart
27:14 Town Watch
28:53 Plate Mail Armor
29:17 Elite Teutonic Knight
31:09 Blast Furnace
30:18 Fletching
30:55 Conscription
32:12 Crenellations
32:58 Chemistry
32:38 Bodkin Arrow
37:37 Siege Engineers
40:23 Hoardings
40:13 Ironclad
BeardyMan37
9:56 Feudal Age
9:01 Loom
14:54 Castle Age
14:04 Fletching
16:54 Double-Bit Axe
19:07 Horse Collar
23:24 Wheelbarrow
23:20 Bow Saw
23:43 Heavy Plow
27:55 Hand Cart
31:31 Imperial Age
29:19 Scale Mail Armor
29:13 Gold Mining
29:13 Stone Mining
30:07 Scale Mail Armor
31:12 Chain Mail Armor
31:12 Squires
30:58 Arson
31:25 Forging
31:17 Bodkin Arrow
32:48 Plate Mail Armor
32:37 Bracer
33:28 Ballistics
33:50 Shield Wall
35:40 Forging
35:07 Elite Hearth Troop
38:21 Coinage
39:28 Iron Casting
38:54 Padded Archer Armor
40:02 Chemistry
40:46 Hoardings
43:08 Siege Engineers
WonderHD11
11:35 Feudal Age
12:44 Double-Bit Axe
12:49 Horse Collar
15:22 Castle Age
16:28 Bow Saw
23:11 Wheelbarrow
24:11 Loom
28:30 Imperial Age
25:26 Pikeman
27:33 Hand Cart
27:24 Squires
28:37 Forging
29:02 Scale Mail Armor
28:54 Fletching
29:04 Padded Archer Armor
28:37 Halberdier
30:33 Iron Casting
30:24 Chain Mail Armor
32:02 Plate Mail Armor
32:33 Blast Furnace
33:19 Fletching
33:30 Heavy Scorpion
35:09 Siege Engineers
35:36 Ballistics
34:44 Capped Ram
35:43 Siege Ram
37:09 Gold Mining
37:11 Stone Mining
37:48 Town Watch
39:06 Chemistry
38:28 Heavy Plow
39:07 Gold Shaft Mining
39:08 Stone Shaft Mining
38:14 Onager
40:41 Caravan
43:43 Siege Onager
KrazyHands
10:12 Feudal Age
14:13 Castle Age
12:49 Double-Bit Axe
13:01 Horse Collar
15:53 Bow Saw
20:10 Loom
21:13 Town Watch
22:08 Wheelbarrow
27:56 Imperial Age
25:41 Gold Mining
25:56 Fletching
27:03 Gold Shaft Mining
26:22 Stone Mining
27:17 Ballistics
27:36 Heavy Plow
28:36 Bodkin Arrow
29:44 Chemistry
28:53 Elite Longbowman
29:51 Bracer
30:57 Masonry
32:37 Yeomen
32:20 Padded Archer Armor
36:27 Two-Man Saw
36:06 Architecture
36:04 Leather Archer Armor
35:59 Forging
37:30 Siege Engineers
38:00 Warwolf
39:20 Ring Archer Armor
40:54 Hand Cart
42:29 Fortified Wall
46:19 Scale Barding Armor
47:20 Caravan
Malelf
6:19 Loom
8:33 Feudal Age
9:27 Double-Bit Axe
12:41 Fletching
21:15 Castle Age
20:22 Horse Collar
20:42 Gold Mining
21:42 Wheelbarrow
22:16 Bow Saw
22:17 Heavy Plow
27:30 Hand Cart
31:55 Imperial Age
29:23 Stone Mining
29:47 Town Watch
30:35 Ballistics
31:29 Gold Shaft Mining
31:23 Masonry
31:18 Crossbowman
31:57 Bodkin Arrow
32:16 Arbalester
33:01 Thumb Ring
34:03 Chemistry
33:05 Bracer
34:17 Two-Man Saw
33:50 Padded Archer Armor
34:41 Architecture
35:24 Leather Archer Armor
37:47 Ring Archer Armor
Dott_Berlu
9:56 Feudal Age
13:58 Castle Age
12:18 Double-Bit Axe
12:20 Horse Collar
15:02 Bow Saw
14:56 Heavy Plow
19:46 Wheelbarrow
21:42 Husbandry
22:29 Hand Cart
23:01 Bloodlines
22:58 Scale Barding Armor
26:36 Gold Mining
30:22 Imperial Age
27:39 Loom
29:25 Forging
29:38 Chain Barding Armor
29:31 Forging
31:50 Plate Barding Armor
30:41 Cavalier
31:57 Iron Casting
31:22 Vendel Legacy
32:23 Conscription
32:18 Stone Mining
34:52 Blast Furnace
36:04 Light Cavalry
37:13 Hussar
37:47 Fletching
38:59 Chemistry
38:04 Stone Mining
38:51 Ballistics
41:52 Caravan
42:01 Capped Ram
43:55 Coinage
43:36 Guilds
45:57 Siege Ram
47:00 Masonry
Cagata Sonante
10:35 Feudal Age
11:57 Double-Bit Axe
14:53 Castle Age
12:42 Horse Collar
16:31 Bow Saw
17:19 Heavy Plow
18:15 Wheelbarrow
22:16 Hand Cart
22:37 Loom
26:56 Imperial Age
24:56 Squires
25:04 Scale Mail Armor
25:14 Forging
26:02 Chain Mail Armor
27:07 Squires
28:36 Plate Mail Armor
28:41 Iron Casting
28:28 Onager
30:36 Heavy Scorpion
31:49 Conscription
31:31 Elite Varangian Guard
32:43 Plate Mail Armor
33:22 Chemistry
32:49 Ballistics
32:42 Siege Engineers
32:40 Elite Varangian Guard
35:23 Pikeman
36:41 Northmen's Fury
38:30 Hoardings
37:48 Fletching
37:32 Siege Onager
42:04 Halberdier
43:28 Masonry
44:04 Caravan
45:51 Murder Holes
46:33 Iron Casting
45:54 Bodkin Arrow
GdR_Scugo
7:52 Loom
10:03 Feudal Age
13:45 Castle Age
12:19 Double-Bit Axe
12:58 Horse Collar
15:06 Bow Saw
19:26 Wheelbarrow
19:27 Gold Mining
19:34 Stone Mining
21:40 Hand Cart
26:42 Imperial Age
25:15 Ballistics
24:46 Fletching
26:25 Padded Archer Armor
26:21 Bodkin Arrow
27:13 Yeomen
27:45 Conscription
27:50 Bracer
29:11 Chemistry
28:29 Padded Archer Armor
28:57 Elite Longbowman
30:24 Leather Archer Armor
31:39 Gold Shaft Mining
31:24 Siege Engineers
31:56 Ring Archer Armor
32:27 Fortified Wall
34:47 Warwolf
36:45 Masonry
37:11 Hoardings
42:01 Caravan
Connection lost

Rejoining the realm…

Still unreachable

The connection could not be restored.

Session expired

The server has moved on; the page needs a fresh start.